PAAA
OCEANSIDE OCEANLINERS @ SALT LAKE CITY BUZZ
09/05/2018
 
TOP OF THE 1ST
Oceanside Oceanliners batting - Pitching for Salt Lake City Buzz : RHP Huai-yu Kan
Pitching: RHP Huai-yu Kan
Batting: RHB Jim Unknown 0-0: Ball
1-0: Ground out 4-3 (Groundball, 4)
Batting: RHB Jim Unknown 0-0: Ball
1-0: Swinging Strike
1-1: Foul Ball, location: 2F
1-2: Strikes out swinging
Batting: LHB Jim Unknown 0-0: Called Strike
0-1: Fly out, F7 (Flyball, 7LS)
Top of the 1st over - 0 run(s), 0 hit(s), 0 error(s), 0 left on base; Oceanside 0 - Salt Lake City 0
BOTTOM OF THE 1ST
Salt Lake City Buzz batting - Pitching for Oceanside Oceanliners : RHP Jim Unknown
Pitching: RHP Jim Unknown
Batting: LHB Chris Stoltzfus 0-0: SINGLE (Line Drive, 8LS)
Batting: RHB Steffen Taylor 0-0: Fly out, F8 (Flyball, 8LM)
Batting: LHB Fernando González 0-0: Called Strike
0-1: Called Strike
0-2: Hit by Pitch
Chris Stoltzfus to second
Batting: LHB George Huffman 0-0: Called Strike
0-1: Reached on Error, E7 (Flyball, 7LM)
Chris Stoltzfus to third
Fernando González to second
Batting: RHB Jack Alexander 0-0: Ball
1-0: Called Strike
1-1: Swinging Strike
1-2: Strikes out looking
Batting: RHB Roger Osborne 0-0: Ball
1-0: Fly out, F8 (Flyball, 8LXD)
Bottom of the 1st over - 0 run(s), 1 hit(s), 1 error(s), 3 left on base; Oceanside 0 - Salt Lake City 0
TOP OF THE 2ND
Oceanside Oceanliners batting - Pitching for Salt Lake City Buzz : RHP Huai-yu Kan
Batting: RHB Jim Unknown 0-0: Ball
1-0: Swinging Strike
1-1: Ball
2-1: Ball
3-1: Fly out, F9 (Flyball, 9M)
Batting: SHB Jim Unknown 0-0: Called Strike
0-1: Called Strike
0-2: Foul Ball, location: 2F
0-2: Ball
1-2: Ground out 4-3 (Groundball, 34)
Batting: RHB Jim Unknown 0-0: Called Strike
0-1: Ball
1-1: Ball
2-1: Foul Ball, location: 2F
2-2: DOUBLE (Groundball, 5L)
Batting: RHB Jim Unknown 0-0: SINGLE (Line Drive, 89S)
Jim Unknown to third
Runner from 3rd tries for Home, SAFE, no throw or cutoff
Batting: RHB Jim Unknown 0-0: Swinging Strike
0-1: Called Strike
0-2: Ball
1-2: Foul Ball, location: 2F
1-2: Ball
2-2: Ball
3-2: Hit by Pitch
Jim Unknown to second
Batting: RHB Jim Unknown 0-0: Ball
1-0: Called Strike
1-1: Ball
2-1: Foul Ball, location: 2F
2-2: Ball
3-2: Foul Ball, location: 2F
3-2: Foul Ball, location: 2F
3-2: SINGLE (Groundball, 6M)
Jim Unknown to third
Jim Unknown to second
Jim Unknown scores
Jim Unknown to third
Batting: RHB Jim Unknown 0-0: Called Strike
0-1: SINGLE (Groundball, 5L)
Jim Unknown scores
Jim Unknown to second
Batting: RHB Jim Unknown 0-0: Ball
1-0: Ball
2-0: Ball
3-0: Called Strike
3-1: Foul Ball, location: 2F
3-2: Foul Ball, location: 2F
3-2: Ground out 5-3 (Groundball, 5L)
Top of the 2nd over - 3 run(s), 4 hit(s), 0 error(s), 2 left on base; Oceanside 3 - Salt Lake City 0
BOTTOM OF THE 2ND
Salt Lake City Buzz batting - Pitching for Oceanside Oceanliners : RHP Jim Unknown
Batting: RHB Jason Delaney 0-0: Ball
1-0: Ball
2-0: Called Strike
2-1: Foul Ball, location: 2F
2-2: Foul Ball, location: 2F
2-2: Ball
3-2: Fly out, F8 (Flyball, 8RM)
Batting: RHB John Ramsey 0-0: Swinging Strike
0-1: Called Strike
0-2: Ball
1-2: Ball
2-2: Foul Ball, location: 2F
2-2: Ground out 5-3 (Groundball, 56)
Batting: SHB Carlton Reed 0-0: Ball
1-0: Ball
2-0: Ball
3-0: Swinging Strike
3-1: Foul Ball, location: 2F
3-2: Strikes out swinging
Bottom of the 2nd over - 0 run(s), 0 hit(s), 0 error(s), 0 left on base; Oceanside 3 - Salt Lake City 0
TOP OF THE 3RD
Oceanside Oceanliners batting - Pitching for Salt Lake City Buzz : RHP Huai-yu Kan
Batting: LHB Jim Unknown 0-0: Swinging Strike
0-1: Ball
1-1: Called Strike
1-2: Foul Ball, location: 2F
1-2: Ball
2-2: Ball
3-2: SINGLE (Groundball, 56D)
Batting: RHB Jim Unknown 0-0: Ball
Jim Unknown steals 2nd base
1-0: Called Strike
1-1: Ground out 6-3 (Groundball, 6)
Batting: SHB Jim Unknown 0-0: Called Strike
0-1: Ball
1-1: Ball
2-1: Foul Ball, location: 2F
2-2: Ball
3-2: Fly out, F3 (Line Drive, 3)
Batting: RHB Jim Unknown 0-0: Called Strike
0-1: Called Strike
0-2: Foul Ball, location: 2F
0-2: 2-RUN HOME RUN (Flyball, 78XD), Distance : 439 ft
Batting: RHB Jim Unknown 0-0: Ball
1-0: Ball
2-0: Fly out, F9 (Flyball, 9M)
Top of the 3rd over - 2 run(s), 2 hit(s), 0 error(s), 0 left on base; Oceanside 5 - Salt Lake City 0
BOTTOM OF THE 3RD
Salt Lake City Buzz batting - Pitching for Oceanside Oceanliners : RHP Jim Unknown
Batting: LHB Chris Stoltzfus 0-0: Ball
1-0: Ball
2-0: Fly out, F7 (Line Drive, 7LM)
Batting: RHB Steffen Taylor 0-0: DOUBLE (Line Drive, 9LD)
Batting: LHB Fernando González 0-0: Called Strike
0-1: Foul Ball, location: 2F
0-2: Ball
1-2: Ball
2-2: Foul Ball, location: 2F
2-2: SINGLE (Flyball, 7S)
Steffen Taylor to third
Runner from 3rd tries for Home, SAFE, throw made home
Batting: LHB George Huffman 0-0: Called Strike
0-1: Called Strike
0-2: Fly out, F4 (Popup, 4MD)
Batting: RHB Jack Alexander 0-0: Ball
1-0: Called Strike
1-1: Ball
2-1: Fly out, F8 (Flyball, 8RM)
Bottom of the 3rd over - 1 run(s), 2 hit(s), 0 error(s), 1 left on base; Oceanside 5 - Salt Lake City 1
TOP OF THE 4TH
Oceanside Oceanliners batting - Pitching for Salt Lake City Buzz : RHP Huai-yu Kan
Batting: RHB Jim Unknown 0-0: Fly out, F3 (Line Drive, 3)
Batting: RHB Jim Unknown 0-0: Ball
1-0: Swinging Strike
1-1: Ball
2-1: Ball
3-1: Called Strike
3-2: Strikes out looking
Batting: RHB Jim Unknown 0-0: Ball
1-0: Called Strike
1-1: Ball
2-1: Foul Ball, location: 2F
2-2: SINGLE (Line Drive, 4MD)
Pitching: RHP Mike Hickey
Batting: RHB Jim Unknown 0-0: Ball
1-0: Ball
2-0: Foul Ball, location: 2F
2-1: Ball
3-1: Foul Ball, location: 2F
3-2: Ground out 4-3 (Groundball, 4)
Top of the 4th over - 0 run(s), 1 hit(s), 0 error(s), 1 left on base; Oceanside 5 - Salt Lake City 1
BOTTOM OF THE 4TH
Salt Lake City Buzz batting - Pitching for Oceanside Oceanliners : RHP Jim Unknown
Batting: RHB Roger Osborne 0-0: Ground out 5-3 (Groundball, 56)
Batting: RHB Jason Delaney 0-0: Called Strike
0-1: Called Strike
0-2: Ball
1-2: Ball
2-2: Strikes out swinging
Batting: RHB John Ramsey 0-0: Ball
1-0: Called Strike
1-1: Ball
2-1: Foul Ball, location: 2F
2-2: Strikes out swinging
Bottom of the 4th over - 0 run(s), 0 hit(s), 0 error(s), 0 left on base; Oceanside 5 - Salt Lake City 1
TOP OF THE 5TH
Oceanside Oceanliners batting - Pitching for Salt Lake City Buzz : RHP Mike Hickey
Batting: LHB Jim Unknown 0-0: Called Strike
0-1: Called Strike
0-2: Strikes out looking
Batting: RHB Jim Unknown 0-0: Foul Ball, location: 2F
0-1: Ball
1-1: Ball
2-1: Foul Ball, location: 2F
2-2: Foul Ball, location: 2F
2-2: Foul Ball, location: 2F
2-2: Strikes out swinging
Batting: SHB Jim Unknown 0-0: Ball
1-0: Foul Ball, location: 2F
1-1: Called Strike
1-2: Foul Ball, location: 2F
1-2: Ball
2-2: Ground out U3 (Groundball, 3)
Top of the 5th over - 0 run(s), 0 hit(s), 0 error(s), 0 left on base; Oceanside 5 - Salt Lake City 1
BOTTOM OF THE 5TH
Salt Lake City Buzz batting - Pitching for Oceanside Oceanliners : RHP Jim Unknown
Batting: SHB Carlton Reed 0-0: Ball
1-0: Foul Ball, location: 2F
1-1: Ball
2-1: Foul Ball, location: 2F
2-2: Ball
3-2: Foul Ball, location: 2F
3-2: Foul Ball, location: 2F
3-2: SINGLE (Groundball, 6M)
Batting: LHB Chris Stoltzfus 0-0: Swinging Strike
0-1: Foul Ball, location: 2F
0-2: SINGLE (Line Drive, 89S)
Carlton Reed to second
Batting: RHB Steffen Taylor 0-0: Ball
1-0: Fly out, F7 (Flyball, 7M)
Batting: LHB Fernando González 0-0: Called Strike
0-1: SINGLE (Groundball, 56D)
Carlton Reed to third
Chris Stoltzfus to second
Runner from 3rd tries for Home, SAFE, throw made home
Batting: LHB George Huffman 0-0: Foul Ball, location: 2F
0-1: Ball
1-1: Swinging Strike
1-2: Ball
2-2: Ball
3-2: Foul Ball, location: 2F
3-2: Foul Ball, location: 2F
3-2: Fielders Choice at 2nd, U4 (Groundball, 4M)
Chris Stoltzfus to third
Batting: RHB Jack Alexander 0-0: Ball
1-0: Called Strike
1-1: 3-RUN HOME RUN (Flyball, 8LXD), Distance : 447 ft
Pitching: RHP Jim Unknown
Batting: RHB Roger Osborne 0-0: Ground out 6-3 (Groundball, 6MS)
Bottom of the 5th over - 4 run(s), 4 hit(s), 0 error(s), 0 left on base; Oceanside 5 - Salt Lake City 5
TOP OF THE 6TH
Oceanside Oceanliners batting - Pitching for Salt Lake City Buzz : RHP Mike Hickey
Batting: RHB Jim Unknown 0-0: Ball
1-0: Ball
2-0: Ball
3-0: Base on Balls
Batting: RHB Jim Unknown 0-0: Ball
1-0: Fielders Choice at 2nd, 5-4 (Groundball, 5L)
Batting: RHB Jim Unknown 0-0: Ball
1-0: Swinging Strike
1-1: Ball
2-1: Ground out 3-1 (Groundball, 34)
Jim Unknown to second
Batting: RHB Jim Unknown 0-0: Ball
1-0: Fly out, F3 (Popup, 34)
Top of the 6th over - 0 run(s), 0 hit(s), 0 error(s), 1 left on base; Oceanside 5 - Salt Lake City 5
BOTTOM OF THE 6TH
Salt Lake City Buzz batting - Pitching for Oceanside Oceanliners : RHP Jim Unknown
Batting: RHB Jason Delaney 0-0: Swinging Strike
0-1: Ground out 6-3 (Groundball, 6)
Batting: RHB John Ramsey 0-0: Called Strike
0-1: Swinging Strike
0-2: Ball
1-2: Foul Ball, location: 2F
1-2: Ball
2-2: Ball
3-2: Ground out 4-3 (Groundball, 34S)
Batting: SHB Carlton Reed 0-0: Called Strike
0-1: Ball
1-1: Called Strike
1-2: Foul Ball, location: 2F
1-2: Strikes out looking
Bottom of the 6th over - 0 run(s), 0 hit(s), 0 error(s), 0 left on base; Oceanside 5 - Salt Lake City 5
TOP OF THE 7TH
Oceanside Oceanliners batting - Pitching for Salt Lake City Buzz : RHP Mike Hickey
Pitching: RHP Suezo Sato
Batting: RHB Jim Unknown 0-0: Ball
1-0: Foul Ball, location: 2F
1-1: Foul Ball, location: 2F
1-2: Foul Ball, location: 2F
1-2: Strikes out looking
Batting: RHB Jim Unknown 0-0: Swinging Strike
0-1: Ball
1-1: Ground out 4-3 (Groundball, 4)
Batting: LHB Jim Unknown 0-0: Foul Ball, location: 2F
0-1: Ball
1-1: Swinging Strike
1-2: Strikes out looking
Top of the 7th over - 0 run(s), 0 hit(s), 0 error(s), 0 left on base; Oceanside 5 - Salt Lake City 5
BOTTOM OF THE 7TH
Salt Lake City Buzz batting - Pitching for Oceanside Oceanliners : RHP Jim Unknown
Pinch Hitting: SHB Alfonso Torres 0-0: Called Strike
0-1: Foul Ball, location: 2F
0-2: Strikes out swinging
Batting: RHB Steffen Taylor 0-0: Swinging Strike
0-1: Swinging Strike
0-2: Foul Ball, location: 2F
0-2: Ball
1-2: Foul Ball, location: 2F
1-2: Foul Ball, location: 2F
1-2: Ball
2-2: Strikes out looking
Batting: LHB Fernando González 0-0: Called Strike
0-1: Called Strike
0-2: Ball
1-2: Ball
2-2: Strikes out swinging
Bottom of the 7th over - 0 run(s), 0 hit(s), 0 error(s), 0 left on base; Oceanside 5 - Salt Lake City 5
TOP OF THE 8TH
Oceanside Oceanliners batting - Pitching for Salt Lake City Buzz : RHP Suezo Sato
Now in LF: Alfonso Torres
Pinch Hitting: LHB Jim Unknown 0-0: Called Strike
0-1: Called Strike
0-2: Ball
1-2: Fly out, F7 (Flyball, 7M)
Batting: SHB Jim Unknown 0-0: Called Strike
0-1: Foul Ball, location: 2F
0-2: Strikes out swinging
Batting: RHB Jim Unknown 0-0: Swinging Strike
0-1: Foul Ball, location: 2F
0-2: Ball
1-2: Strikes out swinging
Top of the 8th over - 0 run(s), 0 hit(s), 0 error(s), 0 left on base; Oceanside 5 - Salt Lake City 5
BOTTOM OF THE 8TH
Salt Lake City Buzz batting - Pitching for Oceanside Oceanliners : RHP Jim Unknown
Pitching: RHP Jim Unknown
Now at SS: Jim Unknown
Batting: LHB George Huffman 0-0: Ball
1-0: Ball
2-0: Foul Ball, location: 2F
2-1: Ball
3-1: Fly out, F7 (Flyball, 78M)
Pinch Hitting: LHB Frank Bass 0-0: Called Strike
0-1: Ball
1-1: Fly out, F8 (Flyball, 8RXD)
Batting: RHB Roger Osborne 0-0: Ball
1-0: Swinging Strike
1-1: Ball
2-1: Ball
3-1: Called Strike
3-2: Foul Ball, location: 2F
3-2: Strikes out looking
Bottom of the 8th over - 0 run(s), 0 hit(s), 0 error(s), 0 left on base; Oceanside 5 - Salt Lake City 5
TOP OF THE 9TH
Oceanside Oceanliners batting - Pitching for Salt Lake City Buzz : RHP Suezo Sato
Now in RF: Jim Coffey
Batting: RHB Jim Unknown 0-0: Ball
1-0: Swinging Strike
1-1: Ball
2-1: Foul Ball, location: 2F
2-2: Foul Ball, location: 2F
2-2: Ball
3-2: Foul Ball, location: 2F
3-2: Strikes out swinging
Pinch Hitting: RHB Jim Unknown 0-0: Ball
1-0: Ball
2-0: Ball
3-0: Called Strike
3-1: Ground out 6-3 (Groundball, 6M)
Batting: RHB Jim Unknown 0-0: Fly out, F9 (Flyball, 9D)
Top of the 9th over - 0 run(s), 0 hit(s), 0 error(s), 0 left on base; Oceanside 5 - Salt Lake City 5
BOTTOM OF THE 9TH
Salt Lake City Buzz batting - Pitching for Oceanside Oceanliners : RHP Jim Unknown
Pitching: RHP Jim Unknown
Now at 1B: Jim Unknown
Batting: RHB Jason Delaney 0-0: Ball
1-0: Ball
2-0: Called Strike
2-1: Foul Ball, location: 2F
2-2: Foul Ball, location: 2F
2-2: Ball
3-2: Ground out 4-3 (Groundball, 4M)
Pinch Hitting: RHB Ugo Brandini 0-0: Called Strike
0-1: Ball
1-1: Called Strike
1-2: Fly out, F8 (Flyball, 8RM)
Batting: SHB Carlton Reed 0-0: Ground out 4-3 (Groundball, 4)
Bottom of the 9th over - 0 run(s), 0 hit(s), 0 error(s), 0 left on base; Oceanside 5 - Salt Lake City 5
TOP OF THE 10TH
Oceanside Oceanliners batting - Pitching for Salt Lake City Buzz : RHP Suezo Sato
Now at 2B: Ugo Brandini
Batting: RHB Jim Unknown 0-0: Ball
1-0: Ground out 6-3 (Groundball, 6)
Batting: RHB Jim Unknown 0-0: Ball
1-0: Called Strike
1-1: Ground out 5-3 (Groundball, 5)
Batting: LHB Jim Unknown 0-0: Swinging Strike
0-1: Ground out 6-3 (Groundball, 6M)
Top of the 10th over - 0 run(s), 0 hit(s), 0 error(s), 0 left on base; Oceanside 5 - Salt Lake City 5
BOTTOM OF THE 10TH
Salt Lake City Buzz batting - Pitching for Oceanside Oceanliners : RHP Jim Unknown
Batting: SHB Alfonso Torres 0-0: Called Strike
0-1: Swinging Strike
0-2: SOLO HOME RUN (Flyball, 78XD), Distance : 438 ft
This league is powered by Out of the Park Baseball, the baseball management simulation game for PC, Mac and Linux
Monday, May 4th, 2015 - OOTP Baseball 15.6 Build 34